 Dungeon Crawl Stone Soup version 0.27.1-2-g3b301248ec (webtiles) character file.

Game seed: 6976786497265278070

3822 Rickety the Destroyer (level 10, -10/74 HPs)
             Began as a Gnoll Conjurer on Oct 1, 2021.
             Mangled by a two-headed ogre (23 damage)
             ... on level 9 of the Dungeon.
             The game lasted 00:20:57 (8880 turns).

Rickety the Destroyer (Gnoll Conjurer)              Turns: 8880, Time: 00:20:58

Health: -10/74     AC:  7    Str:  6    XL:     10   Next: 17%
Magic:  16/20      EV: 14    Int: 28    God:
Gold:   536        SH:  0    Dex: 10    Spells: 9/23 levels left

rFire    . . .     SeeInvis .   G - +0 dagger (venom)
rCold    . . .     Faith    .   (no shield)
rNeg     . . .     Spirit   .   D - +2 robe {Will+}
rPois    .         Reflect  .   q - +1 hat
rElec    .         Harm     .   i - +0 cloak
rCorr    .         Rampage  .   v - +0 pair of gloves
Will     +....                  (no boots)
Stlth    +++.......             k - amulet of regeneration
HPRegen  1.22/turn              A - +6 ring of intelligence
MPRegen  0.17/turn              (no ring)

@: no status effects
A: fangs 1, strong nose, distributed training
a: no special abilities


You were on level 9 of the Dungeon.
You visited 2 branches of the dungeon, and saw 10 of its levels.

You collected 592 gold pieces.
You spent 56 gold pieces at shops.

Inventory:

Hand Weapons
 o - a +2 dagger of flaming
 u - a +1 dagger of holy wrath
 G - a +0 dagger of venom (weapon)
Missiles
 g - 38 poisoned darts
 n - 10 boomerangs
 F - a curare-tipped dart
Armour
 i - a +0 cloak (worn)
 q - a +1 hat (worn)
 v - a +0 pair of gloves (worn)
 D - a +2 robe of willpower (worn)
Jewellery
 k - an amulet of regeneration (around neck)
 p - a ring of ice
 A - a +6 ring of intelligence (left hand)
Wands
 s - a wand of iceblast (4)
 y - a wand of charming (15)
 H - a wand of flame (14)
 I - a wand of polymorph (9)
Scrolls
 a - a scroll of enchant armour {unknown}
 e - a scroll of magic mapping {unknown}
 f - 4 scrolls of blinking
 h - a scroll of holy word {unknown}
 j - a scroll of immolation {unknown}
 m - 3 scrolls of noise
 r - a scroll of identify
 C - a scroll of teleportation {unknown}
 E - a scroll of fear {unknown}
 J - a scroll of silence {unknown}
 K - 4 scrolls of fog
 L - a scroll of vulnerability {unknown}
Potions
 b - 2 potions of lignification
 c - 7 potions of curing
 d - 3 potions of mutation
 l - 3 potions of haste
 t - a potion of heal wounds
 w - a potion of flight {unknown}
 x - a potion of attraction {unknown}
 z - a potion of degeneration {unknown}
 B - a potion of might {unknown}


   Skills:
 + Level 5.0 Fighting
 + Level 5.0 Short Blades
 + Level 5.0 Long Blades
 + Level 5.0 Axes
 + Level 5.0 Maces & Flails
 + Level 5.0 Polearms
 + Level 5.0 Staves
 + Level 5.0 Slings
 + Level 5.0 Bows
 + Level 5.0 Crossbows
 + Level 5.0 Throwing
 + Level 5.0 Armour
 + Level 6.9 Dodging
 + Level 6.6 Stealth
 + Level 5.0 Shields
 + Level 5.0 Unarmed Combat
 + Level 7.2 Spellcasting
 + Level 8.3 Conjurations
 + Level 4.1 Hexes
 + Level 4.1 Summonings
 + Level 4.1 Necromancy
 + Level 4.1 Translocations
 + Level 4.1 Transmutations
 + Level 4.1 Fire Magic
 + Level 4.1 Ice Magic
 + Level 4.1 Air Magic
 + Level 4.1 Earth Magic
 + Level 4.1 Poison Magic
 + Level 5.5 Invocations
 + Level 5.0 Evocations


You had 9 spell levels left.
You knew the following spells:

 Your Spells              Type           Power      Damage    Failure   Level
a - Magic Dart            Conj           100%       1d8       1%          1
g - Summon Guardian Gole  Hex/Summ       33%        N/A       3%          3
k - Iskenderun's Mystic   Conj/Tloc      45%        2d10      4%          4
n - Fulminant Prism       Conj/Hex       22%        3d13      4%          4
r - Searing Ray           Conj           100%       3d7       1%          2

Your spell library contained the following spells:

 Spells                   Type           Power      Damage    Failure   Level
 Freeze                   Ice            100%       1d11      1%          1
 Corpse Rot               Necr/Air       N/A        N/A       1%          2
 Slow                     Hex            33%        N/A       1%          2
 Dazzling Flash           Conj/Hex       90%        N/A       1%          3
 Confusing Touch          Hex            33%        N/A       3%          3
 Frozen Ramparts          Ice            66%        1d8       3%          3
 Vampiric Draining        Necr           16%        2d8       3%          3
 Hailstorm                Conj/Ice       45%        3d10      4%          4
 Summon Ice Beast         Ice/Summ       33%        N/A       10%         4
 Agony                    Necr           33%        N/A       26%         5
 Silence                  Hex/Air        16%        N/A       26%         5
 Simulacrum               Ice/Necr       16%        N/A       83%         6
 Orb of Destruction       Conj           27%        9d11      83%         7
 Spellforged Servitor     Conj/Summ      22%        N/A       98%         7


Dungeon Overview and Level Annotations

Branches:
Dungeon (9/15)             Temple (1/1) D:4
   Lair: D:8-11         Orc: D:9-12

Altars:
Ashenzari
Cheibriados
Dithmenos
Elyvilon
Fedhas
Gozag
Hepliaklqana
Makhleb
Nemelex Xobeh
Okawaru
Qazlal
Ru
Trog
Uskayaw
Wu Jian
Xom
Zin

Shops:
D:4 [   D:5 ?


Innate Abilities, Weirdness & Mutations

You have very sharp teeth.
Your uncanny sense of smell can sniff out nearby items.
Your experience applies equally to all skills.


Message History

Press: ? - help, Shift-Dir - straight line, f - orc priest, p - orc
Aim: an orc priest, wielding a +0 whip (83% to hit)
The searing ray hits the orc!
You kill the orc!
The searing ray hits the orc priest!
You kill the orc priest! (Press . to maintain the ray.)
You start resting.
Magic restored.
Things that are here:
a +0 short sword; a +0 leather armour; an orc corpse
Things that are here:
a +0 whip; a +0 dagger; a +0 robe
Found a stone staircase leading down.
Found 20 gold pieces.
Found a stone staircase leading up.
A hound comes into view.
A gnoll comes into view. It is wielding a +0 whip.
A hound comes into view.
A two-headed ogre comes into view. It is wielding two +0 giant clubs.
The helpless hound fails to defend itself.
You impale the hound!!
You kill the hound!
The helpless two-headed ogre fails to defend itself.
You impale the two-headed ogre!!
The two-headed ogre looks as sick as possible!
The two-headed ogre is heavily wounded.
The two-headed ogre hits you with a +0 giant club!! x2
The hound barks!
The gnoll shouts!
You hear a shout!
You hear a shout!
Casting: Searing Ray (safe; 1% risk of failure)
Confirm with . or Enter, or press ? or * to list all spells.
You erupt in a blast of force!
The mystic blast hits the two-headed ogre.
The two-headed ogre is heavily wounded.
You hear a shout!
A gnoll comes into view.
It is wielding a +0 flail of protection.
The two-headed ogre hits you with a +0 giant club!!
* * * LOW HITPOINT WARNING * * *
The two-headed ogre hits you with a +0 giant club!!
You die...

...##.##.............
...###..#........#..####.
...........>.........###.
.......$.................
........#........#.......
......<.................
#..###...###..........
...#....##..##...........
......hO@...####.........
........†...###..........
............#............
...###g###...............
.. ... ##.............. .
#... #.............. #...
#........##...# #...
#.......#......
..............


You could see a two-headed ogre (extremely poisoned), a hound and a gnoll.

Vanquished Creatures
  A torpor snail (shapeshifter) (D:8)
  A hornet (D:8)
  3 yaks (D:8)
  A wyvern (D:8)
  A steam dragon (D:6)
  A water moccasin (D:5)
  A black bear (D:6)
  A sky beast (D:6)
  3 ice beasts
  An ogre (D:5)
  3 centaurs
  A phantom (D:6)
  2 kobold brigands (D:7)
  2 scorpions (D:6)
  2 jellies
  2 killer bees (D:8)
  5 wights (D:7)
  2 howler monkeys
  2 centaur zombies
  A bullfrog zombie (D:4)
  4 hounds
  A centaur skeleton (D:6)
  5 orc priests
  A bullfrog skeleton (D:4)
  An iguana (D:6)
  5 orc wizards
  A killer bee zombie (D:7)
  A howler monkey skeleton (D:4)
  9 gnolls
  8 adders
  3 ufetubi (D:7)
  An adder skeleton (D:4)
  3 worms
  3 dart slugs
  26 orcs
  6 endoplasms
  4 giant cockroaches
  4 goblins
  7 hobgoblins
  16 kobolds
  4 quokkas
  3 ball pythons
  7 bats
  4 frilled lizards
  6 rats
169 creatures vanquished.

Vanquished Creatures (others)
  A killer bee (D:8)
  9 fulminant prisms
10 creatures vanquished.

Grand Total: 179 creatures vanquished

Notes
Turn   | Place    | Note
-------+----------+-------------------------------------------
     0 | D:1      | Rickety the Gnoll Conjurer began the quest for the Orb.
     0 | D:1      | Reached XP level 1. HP: 13/13 MP: 6/6
   116 | D:1      | Reached XP level 2. HP: 19/19 MP: 4/7
   119 | D:1      | Learned a level 2 spell: Searing Ray
   336 | D:1      | Found a faded altar of an unknown god.
   429 | D:1      | Reached XP level 3. HP: 25/25 MP: 5/9
   580 | D:1      | Reached skill level 5 in Spellcasting
   826 | D:2      | Reached skill level 1 in Invocations
  1390 | D:2      | Reached skill level 1 in Fighting
  1390 | D:2      | Reached skill level 1 in Short Blades
  1390 | D:2      | Reached skill level 1 in Long Blades
  1390 | D:2      | Reached skill level 1 in Axes
  1390 | D:2      | Reached skill level 1 in Maces & Flails
  1390 | D:2      | Reached skill level 1 in Polearms
  1390 | D:2      | Reached skill level 1 in Staves
  1390 | D:2      | Reached skill level 1 in Slings
  1390 | D:2      | Reached skill level 1 in Bows
  1390 | D:2      | Reached skill level 1 in Crossbows
  1390 | D:2      | Reached skill level 1 in Throwing
  1390 | D:2      | Reached skill level 1 in Armour
  1390 | D:2      | Reached skill level 1 in Shields
  1390 | D:2      | Reached skill level 1 in Unarmed Combat
  1390 | D:2      | Reached skill level 1 in Evocations
  1715 | D:2      | Reached XP level 4. HP: 14/32 MP: 7/11
  1865 | D:3      | Reached skill level 1 in Hexes
  1865 | D:3      | Reached skill level 1 in Summonings
  1865 | D:3      | Reached skill level 1 in Necromancy
  1865 | D:3      | Reached skill level 1 in Translocations
  1865 | D:3      | Reached skill level 1 in Transmutations
  1865 | D:3      | Reached skill level 1 in Fire Magic
  1865 | D:3      | Reached skill level 1 in Ice Magic
  1865 | D:3      | Reached skill level 1 in Air Magic
  1865 | D:3      | Reached skill level 1 in Earth Magic
  1865 | D:3      | Reached skill level 1 in Poison Magic
  2154 | D:3      | Noticed a centaur
  2181 | D:3      | Killed a centaur
  2182 | D:3      | Reached XP level 5. HP: 7/37 MP: 1/12
  2389 | D:3      | Noticed a centaur
  2396 | D:3      | Killed a centaur
  2397 | D:3      | Reached skill level 5 in Dodging
  2397 | D:3      | Reached XP level 6. HP: 13/44 MP: 3/14
  2740 | D:3      | Found a white marble altar of Elyvilon.
  3276 | D:4      | Identified the +5 scale mail of Catatonia {Rampage Int+8
                  | Dex-3}
  3697 | D:4      | Found Woaxel's Armour Shoppe.
  3715 | D:4      | Found a snail-covered altar of Cheibriados.
  3973 | D:4      | Found a staircase to the Ecumenical Temple.
  3984 | D:4      | Got the Collected Works on Flying Snow
  3987 | Temple   | Entered the Ecumenical Temple
  4205 | D:5      | Entered Level 5 of the Dungeon
  4207 | D:5      | Reached XP level 7. HP: 50/50 MP: 15/15
  4328 | D:5      | Found Latoluin's Magic Scroll Shop.
  4340 | D:5      | Bought a scroll of identify for 28 gold pieces
  4340 | D:5      | Bought a scroll of identify for 28 gold pieces
  4402 | D:5      | Identified the +8 chain mail of the Thirteen Orbs {*Corrode
                  | rElec rF+}
  4606 | D:5      | Reached skill level 5 in Stealth
  5141 | D:5      | Identified the +5 scale mail of Ikketz {+Blink rC+ rCorr
                  | Dex-5}
  5162 | D:5      | Reached XP level 8. HP: 50/57 MP: 10/16
  6139 | D:6      | Learned a level 3 spell: Summon Guardian Golem
  6531 | D:6      | Reached XP level 9. HP: 64/65 MP: 12/18
  6536 | D:6      | Learned a level 4 spell: Fulminant Prism
  6541 | D:6      | Learned a level 4 spell: Iskenderun's Mystic Blast
  7207 | D:7      | Reached skill level 8 in Conjurations
  7942 | D:8      | Reached skill level 5 in Invocations
  7965 | D:8      | Noticed a hornet
  7972 | D:8      | Paralysed by a hornet for 2 turns
  7973 | D:8      | Killed a hornet
  8081 | D:8      | Identified the +2 leather armour of Greater Demons {*Slow
                  | rCorr Str+2 Dex+5}
  8154 | D:8      | Noticed a lindwurm
  8160 | D:8      | Noticed a fire crab
  8160 | D:8      | a lindwurm changed into a fire crab
  8163 | D:8      | Noticed a jumping spider
  8163 | D:8      | a fire crab changed into a jumping spider
  8170 | D:8      | Noticed a wind drake
  8170 | D:8      | a jumping spider changed into a wind drake
  8407 | D:8      | Noticed a torpor snail
  8413 | D:8      | Killed a torpor snail
  8414 | D:8      | Reached XP level 10. HP: 73/73 MP: 4/20
  8554 | D:8      | Reached skill level 5 in Fighting
  8554 | D:8      | Reached skill level 5 in Short Blades
  8554 | D:8      | Reached skill level 5 in Long Blades
  8554 | D:8      | Reached skill level 5 in Axes
  8554 | D:8      | Reached skill level 5 in Maces & Flails
  8554 | D:8      | Reached skill level 5 in Polearms
  8554 | D:8      | Reached skill level 5 in Staves
  8554 | D:8      | Reached skill level 5 in Slings
  8554 | D:8      | Reached skill level 5 in Bows
  8554 | D:8      | Reached skill level 5 in Crossbows
  8554 | D:8      | Reached skill level 5 in Throwing
  8554 | D:8      | Reached skill level 5 in Armour
  8554 | D:8      | Reached skill level 5 in Shields
  8554 | D:8      | Reached skill level 5 in Unarmed Combat
  8554 | D:8      | Reached skill level 5 in Evocations
  8698 | D:8      | You fall into a shaft and drop 1 floor!
  8791 | D:9      | Found a sparkling altar of Nemelex Xobeh.
  8874 | D:9      | Noticed a two-headed ogre
  8880 | D:9      | Mangled by a two-headed ogre

Illustrated notes

Levels and vault maps discovered:
D:1:      nicolae_arrival_memento_mori, layout_rooms,
          hellmonk_ecumenical_altar_arch_garden, hangedman_decor_growths
D:2:      layout_loops_ring
D:3:      layout_basic, elyvilon_altar_3, small_statue_intersection,
          hangedman_feature_mirror, st_stairs_4, grunt_ministairs_15,
          grunt_decor_junction, hex_medium, minmay_unequal
D:4:      layout_loops_ring, mainiacjoe_overflow_tiny_flanked,
          minmay_temple_entry_offerings, serial_shops, shop
D:5:      layout_basic, serial_shops, shop
D:6:      layout_gridville
D:7:      layout_gridville
D:8:      layout_basic
D:9:      layout_cave_pools, mainiacjoe_overflow_small_starburst,
          serial_gnoll_camp, gnoll_camp_mini_loothouse, gnoll_camp_huts_moat,
          gnoll_camp_mini_hut, gnoll_camp_mini_hut, gnoll_camp_mini_basic,
          nicolae_blasting_shop
Temple:   eino_temple_lava

Skill      XL: |  1  2  3  4  5  6  7  8  9 10 |
---------------+-------------------------------+-----
Spellcasting   | 5 6 7 |  7.2
Invocations    | 1 2 3 4 5 |  5.5
Fighting       | 1 2 3 4 5 |  5.0
Short Blades   | 1 2 3 4 5 |  5.0
Long Blades    | 1 2 3 4 5 |  5.0
Axes           | 1 2 3 4 5 |  5.0
Maces & Flails | 1 2 3 4 5 |  5.0
Polearms       | 1 2 3 4 5 |  5.0
Staves         | 1 2 3 4 5 |  5.0
Slings         | 1 2 3 4 5 |  5.0
Bows           | 1 2 3 4 5 |  5.0
Crossbows      | 1 2 3 4 5 |  5.0
Throwing       | 1 2 3 4 5 |  5.0
Armour         | 1 2 3 4 5 |  5.0
Shields        | 1 2 3 4 5 |  5.0
Unarmed Combat | 1 2 3 4 5 |  5.0
Evocations     | 1 2 3 4 5 |  5.0
Hexes          | 1 2 3 4 |  4.1
Summonings     | 1 2 3 4 |  4.1
Necromancy     | 1 2 3 4 |  4.1
Translocations | 1 2 3 4 |  4.1
Transmutations | 1 2 3 4 |  4.1
Fire Magic     | 1 2 3 4 |  4.1
Ice Magic      | 1 2 3 4 |  4.1
Air Magic      | 1 2 3 4 |  4.1
Earth Magic    | 1 2 3 4 |  4.1
Poison Magic   | 1 2 3 4 |  4.1
Dodging        | 5 6 |  6.9
Stealth        | 5 6 |  6.6
Conjurations   | 8 |  8.3

Action                   |  1- 3 |  4- 6 |  7- 9 | 10-12 || total
-------------------------+-------+-------+-------+-------++-------
Melee: Unarmed           |     2 |       |       |       ||     2
       Dagger            |       |     1 |     6 |     2 ||     9
 Cast: Magic Dart        |    59 |    53 |    71 |     3 ||   186
       Searing Ray       |     2 |    20 |    55 |     7 ||    84
       Fulminant Prism   |       |       |     9 |       ||     9
       Iskenderun's Myst |       |       |     5 |     2 ||     7
       Summon Guardian G |       |       |     1 |       ||     1
  Use: Scroll            |       |       |     8 |       ||     8
 Stab: Sleeping          |       |     1 |     3 |     2 ||     6
Armor: Robe              |     3 |    12 |    16 |     1 ||    32
Dodge: Dodged            |     7 |    32 |    29 |     2 ||    70
